 Dungeon Crawl Stone Soup version 0.31-a0-355-g57cb03d3e8 (webtiles) character file.

Game seed: 12769691878667244134

15 LeprechaunX the Ruffian (level 2, -1/18 HPs)
             Began as an Octopode Shapeshifter on July 24, 2023.
             Slain by a goblin
             ... wielding a +0 club
              (5 damage)
             ... on level 1 of the Dungeon.
             The game lasted 00:00:27 (231 turns).

LeprechaunX the Ruffian (Octopode Shapeshifter)      Turns: 231, Time: 00:00:27

Health: -1/18      AC:  1    Str: 14    XL:     2   Next: 50%
Magic:  2/2        EV: 13    Int: 10    God:
Gold:   13         SH:  0    Dex: 12    Spells: 1/1 levels left

rFire   . .          .
                       - Unarmed
rCold   . . .        (no shield)
rNeg    . . .        (helmet currently unavailable)
rPois   .            (no amulet)
rElec   .            (no ring)
rCorr   .            (no ring)
SInv    .            (no ring)
Will    .....        (no ring)
Stlth   ++           (no ring)
HPRegen 0.23/turn    (no ring)
MPRegen 0.08/turn    (no ring)
                     (no ring)

%: no passive effects
@: beast-form
A: beast (slay +2), almost no armour, amphibious, 8 rings, camouflage 1,
gelatinous body 1, (nimble swimmer 1), tentacles
a: Begin Untransformation


You were on level 1 of the Dungeon.
You were a hulking beast.
You visited 1 branch of the dungeon, and saw 2 of its levels.

You collected 13 gold pieces.

Inventory:

Talismans
 b - a beast talisman
Scrolls
 c - a scroll of noise {unknown}
 d - a scroll of enchant weapon {unknown}
 f - a scroll of fog {unknown}
Potions
 a - a potion of lignification
 e - a potion of enlightenment {unknown}


   Skills:
 + Level 1.3 Fighting
 + Level 2.2 Dodging
 * Level 3.3 Unarmed Combat
 + Level 3.1 Shapeshifting


You had one spell level left.
You didn't know any spells.
Your spell library was empty.

Dungeon Overview and Level Annotations

Branches:
Dungeon (2/15)

Altars:

Annotations:
D:2 Terence


Innate Abilities, Weirdness & Mutations

You are a hulking beast.
Your limbs bulge with bestial killing power. (Slay +2)
You cannot wear most types of armour.
You are amphibious.
You can wear up to eight rings at the same time.
Your skin changes colour to match your surroundings (Stealth+).
Your rubbery body absorbs attacks. (AC +1, EV +1)
((You are camouflaged when in or above water. (Stealth+)))
You have tentacles for arms and can constrict up to eight enemies at once.


Message History

You are too injured to fight recklessly!
You are too injured to fight recklessly!
You are too injured to fight recklessly!
You are too injured to fight recklessly!
You are too injured to fight recklessly!
You are too injured to fight recklessly!
You are too injured to fight recklessly!
You are too injured to fight recklessly!
You are too injured to fight recklessly!
You are too injured to fight recklessly!
You are too injured to fight recklessly!
You are too injured to fight recklessly!
You are too injured to fight recklessly!
You are too injured to fight recklessly!
You are too injured to fight recklessly!
Unknown command.
The bat closely misses you. The bat hits you.
Found a scroll labelled ZIKIOR VEPPAOB.
The bat hits you.
You see here a purple potion.
The dart slug launches a dart at you. The slug dart hits you.
* * * LOW HITPOINT WARNING * * *
You tentacle-slap the dart slug but do no damage.
You grab the dart slug. You constrict the dart slug.
The bat hits you but does no damage.
You tentacle-slap the dart slug.
The dart slug is heavily wounded.
You constrict the dart slug. The bat closely misses you. The bat misses you.
The dart slug closely misses you.
You bludgeon the dart slug!
You kill the dart slug!
The bat hits you but does no damage. The bat closely misses you.
You see here a purple potion.
You closely miss the goblin. Your grab misses the goblin.
The bat hits you but does no damage. The goblin barely misses you.
You barely miss the goblin. You grab the goblin. You constrict the goblin.
The goblin hits you with a +0 club.
You die...

....# ...... .....
..?.... ....# .........
............((..######
.....#..##.#.........#
..##...>.#...........#
##.......#...........#
##.........#......†..#..
#........#.....gh........
..#............b.........
.....................#...
†.....#..#...........# ..
.....###..#..........# .
..#### ##.###.#.##.###
### #)# .$..# .# #
#.#.....# ## #.#....##


You could see a goblin and a bat.

Vanquished Creatures
  A dart slug (D:1)
  A bat (D:1)
  An endoplasm (D:1)
  A giant cockroach (D:1)
  2 goblins (D:1)
  2 hobgoblins (D:1)
  A kobold (D:1)
  A ball python (D:1)
  A rat (D:1)
11 creatures vanquished.

Notes
Turn   | Place    | Note
-------+----------+-------------------------------------------
     0 | D:1      | LeprechaunX the Octopode Shapeshifter began the quest for
                  | the Orb.
     0 | D:1      | Reached XP level 1. HP: 13/13 MP: 1/1
    59 | D:1      | You fall into a shaft and drop 1 floor!
    64 | D:2      | Noticed Terence
   136 | D:1      | Reached XP level 2. HP: 13/18 MP: 2/2
   231 | D:1      | Slain by a goblin

Illustrated notes

Levels and vault maps discovered:
D:1:      heliophobic_arrival_ceremonial_halls, layout_rooms,
          shapermc_ecumenical_altar_flowoftime, serial_bayou_pond_b,
          minivault_27
D:2:      cheibrodos_old_hovel, layout_loops_ring, serial_forest,
          infiniplex_forest_clump_curved, infiniplex_forest_lined_corner,
          infiniplex_forest_clump_double, infiniplex_forest_lined_4_way,
          infiniplex_forest_end_1, infiniplex_forest_lined_1,
          infiniplex_forest_lined_1, infiniplex_forest_straight_2,
          infiniplex_forest_lined_room_2, infiniplex_forest_clump_small,
          basic_altar, nicolae_wormholes, uniq_terence, uniq_crazy_yiuf_cottage

Action                     || total
---------------------------++-------
  Melee: Unarmed           ||    28
         Constrict         ||     9
         Tentacles         ||     3
   Stab: Sleeping          ||     1
 Armour: Skin              ||     7
  Dodge: Dodged            ||    23

Table legend: (Time is in decaauts)
 A = Elapsed time spent in this place.
 B = Non-inter-level travel time spent in this place.
 C = Inter-level travel time spent in this place.
 D = Time resting spent in this place.
 E = Time spent auto-exploring this place.
 F = Levels seen in this place.
 G = Mean time per level.
                   A        B        C        D        E       F      G
               +--------+--------+--------+--------+--------+-----+--------+
         Total |    228 |    228 |      0 |      0 |    162 |   2 |  114.0 |
       Dungeon |    228 |    228 |      0 |      0 |    162 |   2 |  114.0 |
               +--------+--------+--------+--------+--------+-----+--------+

Top non-repeatable levels by time:
     D:1: 221 daAuts
     D:2: 6 daAuts
